 Dungeon Crawl Stone Soup version 0.30-a0-509-gd016549fea (webtiles) character file.

Game seed: 13926545070573439716

104 kae the Firebug (level 4, -1/24 HPs)
             Began as a Tengu Fire Elementalist on Dec 22, 2022.
             Slain by a gnoll
             ... wielding a +1 vorpal flail
              (5 damage)
             ... on level 2 of the Dungeon.
             The game lasted 00:01:21 (1869 turns).

kae the Firebug (Tengu Fire Elementalist)           Turns: 1869, Time: 00:01:22

Health: -1/24      AC:  2    Str:  8    XL:     4   Next: 80%
Magic:  5/8        EV: 12    Int: 18    God:
Gold:   93         SH:  0    Dex: 14    Spells: 2/8 levels left

rFire   . . .      SeeInvis .    j - +0 dagger (elec)
rCold   . . .      Faith    .    (no shield)
rNeg    . . .      Spirit   .    a - +0 robe
rPois   .          Reflect  .    (helmet restricted)
rElec   .          Harm     .    (no cloak)
rCorr   .          Rampage  .    (no gloves)
Will    .....                    (boots unavailable)
Stlth   ++........               (no amulet)
HPRegen 0.24/turn                (no ring)
MPRegen 0.11/turn                (no ring)

@: no status effects
A: beak, talons 3
a: no special abilities


You were on level 2 of the Dungeon.
You visited 1 branch of the dungeon, and saw 2 of its levels.

You collected 93 gold pieces.


Innate Abilities, Weirdness & Mutations

You have a beak for a mouth.
You have claws for feet.


   Skills:
 - Level 2.1 Dodging
 - Level 2.0 Stealth
 + Level 2.6 Spellcasting
 * Level 3.8 Conjurations
 * Level 4.5 Fire Magic


You had 2 spell levels left.
You knew the following spells:

 Your Spells              Type           Power      Damage    Failure   Level
a - Foxfire               Conj/Fire      68%        2x1d7     3%          1
b - Scorch                Fire           36%        2d6       4%          2
c - Inner Flame           Hex/Fire       10%        N/A       21%         3

Your spell library contained the following spells:

 Spells                   Type           Power      Damage    Failure   Level
 Kindle Blastsparks       Fire/Tloc/Air  14%        2d11      26%         3
 Flame Wave               Conj/Fire      17%        2d7       30%         4
 Ozocubu's Armour         Ice            2%         N/A       45%         3
 Ozocubu's Refrigeration  Ice            1%         4d7       100%        7

Inventory:

Hand Weapons
 f - a +0 whip
   (You took it off a kobold on level 1 of the Dungeon)
 j - a +0 dagger of electrocution (weapon)
   (You took it off a goblin on level 1 of the Dungeon)
 k - a +0 vampiric spear
   (You found it on level 2 of the Dungeon)
Missiles
 d - 18 stones
 l - 2 throwing nets {=f!f}
Armour
 a - a +0 robe (worn)
Magical Staves
 q - a staff of earth {!a}
   (You found it on level 2 of the Dungeon)
Wands
 o - a wand of flame (17)
   (You found it on level 2 of the Dungeon)
Scrolls
 e - 2 scrolls of teleportation {unknown}
 g - 6 scrolls of identify {unknown}
 h - a scroll of vulnerability {!r!r}
 m - a scroll of poison {unknown}
 n - a scroll of immolation {unknown}
 p - a scroll of fog {unknown}
Potions
 b - a potion of magic
 i - a potion of degeneration {unknown}

Dungeon Overview and Level Annotations

Branches:
Dungeon (2/15) Zot: 10124

Altars:

#..........#
###.........####.
#..........#
##...##########..โ€
#..........###..#.##
##....
#..................#
#.....
##.........##'##...#
#.....
##.......##...##..#
#.....
#####.#.#..#..#..#
##....
#...#.#.#.#..# ##...
###.+.)#@ยง+[## ####
#.#.#g#ยง# #.#..# .#
##. ## #


You could see a gnoll (combustible).


Message History

Your mp is fully restored (8).
A goblin is nearby!
A goblin is nearby!
Casting: Foxfire (safe; 3% risk of failure)
Confirm with . or Enter, or press ? or * to list all spells.
You conjure some foxfire!
The foxfire hits the goblin. x2 ๐Ÿ˜Ž MP[-1]
You lost 1 mp, and now have 7/8 mp.
A goblin is nearby!
Casting: Foxfire (safe; 3% risk of failure)
Confirm with . or Enter, or press ? or * to list all spells.
You conjure some foxfire!
The foxfire hits the goblin.
You kill the goblin!
A giant cockroach comes into view. ๐Ÿ˜Ž MP[-1]
You lost 1 mp, and now have 6/8 mp.
Casting: Foxfire (safe; 3% risk of failure)
Confirm with . or Enter, or press ? or * to list all spells.
You conjure some foxfire! ๐Ÿ˜Ž MP[-1]
You lost 1 mp, and now have 5/8 mp.
A giant cockroach is nearby!
Casting: Foxfire (safe; 3% risk of failure)
Confirm with . or Enter, or press ? or * to list all spells.
You conjure some foxfire!
The foxfire hits the giant cockroach but does no damage.
The foxfire hits the giant cockroach.
You kill the giant cockroach!
You now have 81 gold pieces (gained 12).
An adder and a bat come into view. ๐Ÿ˜Ž MP[+3]
Your mp is fully restored (8).
There are monsters nearby!
Casting: Foxfire (safe; 3% risk of failure)
Confirm with . or Enter, or press ? or * to list all spells.
You conjure some foxfire!
The foxfire hits the bat. x2
You kill the bat! ๐Ÿ˜Ž MP[-1]
You lost 1 mp, and now have 7/8 mp.
An adder is nearby!
Casting: Foxfire (safe; 3% risk of failure)
Confirm with . or Enter, or press ? or * to list all spells.
You conjure some foxfire!
The adder hisses angrily.
The foxfire hits the adder.
An adder is nearby!
Casting: Foxfire (safe; 3% risk of failure)
Confirm with . or Enter, or press ? or * to list all spells.
You conjure some foxfire!
The foxfire hits the adder. x2
You kill the adder!
Key pressed, stopping explore.
Casting: Foxfire (safe; 3% risk of failure)
Confirm with . or Enter, or press ? or * to list all spells.
You conjure some foxfire! ๐Ÿ˜Ž MP[-3]
You lost 3 mp, and now have 4/8 mp.
You open the door.
There is an open door here.
You now have 93 gold pieces (gained 12).
There is an open door here.
A kobold comes into view.
It is wielding a +0 short sword. ๐Ÿ˜Ž MP[+4]
Your mp is fully restored (8).
Casting: Foxfire (safe; 3% risk of failure)
Confirm with . or Enter, or press ? or * to list all spells.
You conjure some foxfire!
The foxfire hits the kobold.
You kill the kobold! ๐Ÿ˜Ž MP[-1]
You lost 1 mp, and now have 7/8 mp.
d - 18 stones (gained 2)
A gnoll comes into view.
It is wielding a +1 vorpal flail. ๐Ÿ˜Ž MP[+1]
Your mp is fully restored (8).
Casting: Foxfire (safe; 3% risk of failure)
Confirm with . or Enter, or press ? or * to list all spells.
You conjure some foxfire!
The gnoll hits you with a +1 vorpal flail!
* * * LOW HITPOINT WARNING * * *
๐Ÿ˜จ HP[-13] MP[-1]
You take 13 damage, and now have 11/24 hp.
MASSIVE DAMAGE!! (PAUSE)
You lost 1 mp, and now have 7/8 mp.
Unknown command.
Okay, then.
Okay, then.
It was a potion of curing.
You feel better.
The gnoll barely misses you. ๐Ÿ˜ฎ HP[+6]
You regained 6 hp, and now have 17/24 hp.
Casting: Foxfire (safe; 3% risk of failure)
Confirm with . or Enter, or press ? or * to list all spells.
Flames lash the gnoll.
The gnoll's fire resistance burns away.
The gnoll hits you with a +1 vorpal flail!
* * * LOW HITPOINT WARNING * * *
x2 The gnoll hits you with a +1 vorpal flail.
You die...

Skill      XL: |  1  2  3 |
---------------+----------+-----
Conjurations   | 2 3 |  3.8
Fire Magic     | 4 |  4.5
Dodging        | |  2.1
Stealth        | |  2.0
Spellcasting   | |  2.6

Action                   |  1- 3 |  4- 6 || total
-------------------------+-------+-------++-------
 Cast: Foxfire           |    56 |    41 ||    97
       Scorch            |     3 |     3 ||     6
  Use: Scroll            |     1 |       ||     1
       Potion            |       |     1 ||     1
Armor: Robe              |       |     5 ||     5
Dodge: Dodged            |     2 |     7 ||     9

Levels and vault maps discovered:
D:1:      zaba_arrival_water, layout_basic
D:2:      layout_rooms, minmay_box_of_dots

Notes
Turn   | Place    | Note
-------+----------+-------------------------------------------
     0 | D:1      | kae the Tengu Fire Elementalist began the quest for the
                  | Orb.
     0 | D:1      | Reached XP level 1. HP: 10/10 MP: 4/4
     0 | D:1      | magus.rc [v1.11.3]
    38 | D:1      | You add the spells Ozocubu's Armour and Ozocubu's
                  | Refrigeration to your library.
   156 | D:1      | Reached skill level 2 in Conjurations
   156 | D:1      | Reached XP level 2. HP: 15/15 MP: 1/6
   208 | D:1      | Learned a level 2 spell: Scorch
   469 | D:1      | Reached XP level 3. HP: 19/19 MP: 3/7
   473 | D:1      | Learned a level 3 spell: Inner Flame
   615 | D:1      | HP: 2/19 [frozen (4)]
   619 | D:1      | Reached skill level 4 in Fire Magic
  1068 | D:2      | Reached skill level 3 in Conjurations
  1158 | D:2      | Reached XP level 4. HP: 24/24 MP: 4/8
  1868 | D:2      | HP: 4/24 [gnoll/+1 vorpal flail (3)]
  1869 | D:2      | Slain by a gnoll

Vanquished Creatures
  4 adders (D:2)
  A gnoll (D:1)
  A worm (D:2)
  2 dart slugs (D:1)
  6 endoplasms
  3 giant cockroaches
  8 goblins
  6 hobgoblins
  4 ball pythons
  4 bats (D:2)
  2 frilled lizards
  7 kobolds
  A rat (D:2)
49 creatures vanquished.

Vanquished Creatures (others)
  166 foxfires
166 creatures vanquished.

Grand Total: 215 creatures vanquished

Table legend:
 A = Non-vault XP
 B = Vault XP
 C = Vault XP percentage of total XP
 D = Non-vault monster count
 E = Vault monster count
 F = Vault count percentage of total count
                 A         B        C        D         E       F
            +---------+---------+-------+---------+---------+-------
      Total |     148 |       1 |   0.7 |      48 |       1 |   2.0
            +---------+---------+-------+---------+---------+-------
        D:1 |      58 |       0 |   0.0 |      24 |       0 |   0.0
        D:2 |      90 |       1 |   1.1 |      24 |       1 |   4.0
            +---------+---------+-------+---------+---------+-------

Illustrated notes

Table legend:
 A = Kills in this place as a percentage of kills in entire the game.
 B = Kills by you in this place as a percentage of kills by you in the entire game.
 C = Kills by friends in this place as a percentage of kills by friends in the entire game.
 D = Other kills in this place as a percentage of other kills in the entire game.
 E = Experience gained in this place as a percentage of experience gained in the entire game.
 F = Experience gained in this place divided by the number of levels of this place that you have seen.
                   A       B       C       D       E      F
               +-------+-------+-------+-------+-------+----------------------
         Total | 100.0 | 100.0 |   N/A |   N/A | 100.0 |  74.5
       Dungeon | 100.0 | 100.0 |   N/A |   N/A | 100.0 |  74.5
               +-------+-------+-------+-------+-------+----------------------

Table legend: (Time is in decaauts)
 A = Elapsed time spent in this place.
 B = Non-inter-level travel time spent in this place.
 C = Inter-level travel time spent in this place.
 D = Time resting spent in this place.
 E = Time spent auto-exploring this place.
 F = Levels seen in this place.
 G = Mean time per level.
                   A        B        C        D        E       F      G
               +--------+--------+--------+--------+--------+-----+--------+
         Total |   1874 |   1792 |     82 |     55 |   1437 |   2 |  937.0 |
       Dungeon |   1874 |   1792 |     82 |     55 |   1437 |   2 |  937.0 |
               +--------+--------+--------+--------+--------+-----+--------+

Top non-repeatable levels by time:
     D:1: 1065 daAuts
     D:2: 808 daAuts
